 Dungeon Crawl Stone Soup version 0.30-a0-322-g102857c98e (webtiles) character file.

Game seed: 10979863099616315661

446324 jlumianski the Slayer (level 23, -3/200 (206) HPs)
             Began as a Demonspawn Fighter on Oct 26, 2022.
             Was a High Priest of Qazlal.
             Killed by divine providence
             ... invoked by a daeva
              (13 damage)
             ... on level 3 of the Depths on Oct 27, 2022.
             The game lasted 06:49:52 (59951 turns).

jlumianski the Slayer (Demonspawn Fighter)         Turns: 59951, Time: 06:49:52

HP:   -3/200 (206)  AC: 31    Str: 42    XL:     23   Next: 11%
MP:   0/37          EV: 13    Int:  6    God:    Qazlal [*****.]
Gold: 3332          SH: 30    Dex: 16    Spells: 22/22 levels left

rFire   . . .      SeeInvis .    d - +9 broad axe (flame)
rCold   . . .      Faith    .    i - +0 kite shield {reflect}
rNeg    . . .      Spirit   +    q - +3 plate armour
rPois   .          Reflect  +    x - +1 helmet of Gozag's Outrage {Str+10 Int-5 Dex+3}
rElec   .          Harm     .    (cloak unavailable)
rCorr   .          Rampage  .    I - +2 pair of gloves
Will    ++...                    c - +2 pair of boots {Fly}
Stlth   ..........               T - amulet of regeneration
HPRegen 1.33/turn                N - +4 ring of slaying
MPRegen 0.50/turn                w - +6 ring of strength

@: agile, about to teleport, protected from physical damage, flying,
constricted, lightly drained, repel missiles
A: large bone plates 3, powered by pain 3, torment resistance 1, magic shield,
magic regeneration, demonic willpower, weakness stinger 3
}: 2/15 runes: decaying, serpentine
a: Renounce Religion, Upheaval, Elemental Force, Disaster Area


You were on level 3 of the Depths.
You worshipped Qazlal.
Qazlal was extremely pleased with you.
You visited 10 branches of the dungeon, and saw 42 of its levels.
You visited 1 bazaar.
You also visited: Gauntlet, Wizlab and Desolation.

You collected 6556 gold pieces.
You spent 3224 gold pieces at shops.

Inventory:

Hand Weapons
 d - a +9 broad axe of flaming (weapon)
 n - a +6 quick blade of freezing
Missiles
 o - 2 datura-tipped darts
 A - 11 boomerangs (quivered)
 L - 8 atropa-tipped darts
Armour
 c - a +2 pair of boots of flying (worn)
 i - a +0 kite shield of reflection (worn)
 q - a +3 plate armour (worn)
 x - the +1 helmet of Gozag's Outrage (worn) {Str+10 Int-5 Dex+3}
   (You found it on level 2 of the Depths)

   Str:       It affects your strength (+10).
   Int:       It affects your intelligence (-5).
   Dex:       It affects your dexterity (+3).
 y - the +3 helmet of Compassion {rElec Str+3}
   (You acquired it on level 5 of the Dungeon)

   Str:       It affects your strength (+3).
   rElec:     It insulates you from electricity.
 I - a +2 pair of gloves (worn)
Jewellery
 e - an amulet of magic regeneration
 h - the ring of the Beastly Fig {Drain +Blink rC+ Will+ Dex+6}
   (You found it on level 3 of the Elven Halls)

   [ring of dexterity]

   Dex:       It affects your dexterity (+6).
   rC:        It protects you from cold.
   +Blink:    It lets you blink.
   Drain:     It drains your maximum health when unequipped.
   Will:      It increases your willpower.
 w - a +6 ring of strength (right hand)
 B - the ring "Obiyjeogu" {rPois rF+ Str+3 Dex+3}
   (You found it on level 1 of the Vaults)

   [ring of poison resistance]

   Str:       It affects your strength (+3).
   Dex:       It affects your dexterity (+3).
   rF:        It protects you from fire.
   rPois:     It protects you from poison.
 G - the ring "Seufom" {Fly rC- Will+ rCorr Dex+4}
   (You took it off a deep elf master archer on level 3 of the Elven Halls)

   [ring of flight]

   Dex:       It affects your dexterity (+4).
   rC:        It makes you vulnerable to cold.
   Fly:       It grants you flight.
   rCorr:     It protects you from acid and corrosion.
   Will:      It increases your willpower.
 N - a +4 ring of slaying (left hand)
 O - a ring of protection from cold
 P - a ring of see invisible
 S - a ring of protection from fire
 T - an amulet of regeneration (around neck)
Wands
 a - a wand of mindburst (12)
 j - a wand of digging (3)
 l - a wand of acid (30)
 C - a wand of roots (34)
Scrolls
 b - 8 scrolls of fear
 f - a scroll of blinking
 g - a scroll of magic mapping
 m - 3 scrolls of fog
 p - 19 scrolls of teleportation
 F - 7 scrolls of poison
 M - 3 scrolls of silence
Potions
 k - 6 potions of resistance
 r - 17 potions of curing
 s - 4 potions of heal wounds
 u - 5 potions of might
 v - 3 potions of haste
 Q - a potion of berserk rage
 V - 2 potions of invisibility
 W - 8 potions of cancellation
Miscellaneous
 t - a tin of tremorstones (1/2)
 z - a phantom mirror
 D - a box of beasts
 R - a phial of floods


   Skills:
 * Level 23.1 Fighting
 + Level 0.2 Long Blades
 - Level 18.0 Axes
 + Level 0.5(11.7) Polearms
 + Level 0.4 Ranged Weapons
 - Level 2.0 Throwing
 + Level 13.1 Armour
 + Level 4.8 Dodging
 - Level 2.3 Stealth
 + Level 18.6 Shields
 * Level 20.9 Invocations
 - Level 13.3 Evocations


You had 22 spell levels left.
You didn't know any spells.
Your spell library contained the following spells:

 Spells                   Type           Power      Damage    Failure   Level
 Freeze                   Ice            0%         1d3       95%         1
 Magic Dart               Conj           0%         1d3       95%         1
 Sandblast                Erth           0%         2d4       95%         1
 Slow                     Hex            0%         N/A       95%         1
 Summon Small Mammal      Summ           0%         N/A       95%         1
 Call Imp                 Summ           0%         N/A       99%         2
 Cigotuvi's Dreadful Rot  Necr/Pois/Air  0%         N/A       99%         2
 Ensorcelled Hibernation  Hex/Ice        0%         N/A       99%         2
 Momentum Strike          Conj/Tloc      0%         3d8       99%         2
 Passwall                 Tmut/Erth      0%         N/A       99%         2
 Poisonous Vapours        Pois/Air       0%         N/A       99%         2
 Searing Ray              Conj           0%         2d4       99%         2
 Sublimation of Blood     Necr           0%         N/A       99%         2
 Call Canine Familiar     Summ           0%         N/A       100%        3
 Dazzling Flash           Conj/Hex       0%         N/A       100%        3
 Frozen Ramparts          Ice            0%         1d1       100%        3
 Gell's Gravitas          Tloc           0%         N/A       100%        3
 Hailstorm                Conj/Ice       0%         3d3       100%        3
 Ignite Poison            Fire/Tmut/Pois 0%         N/A       100%        3
 Inner Flame              Hex/Fire       0%         N/A       100%        3
 Kindle Blastsparks       Fire/Tloc/Air  0%         2d10      100%        3
 Lesser Beckoning         Tloc           0%         N/A       100%        3
 Mephitic Cloud           Conj/Pois/Air  0%         N/A       100%        3
 Ozocubu's Armour         Ice            0%         N/A       100%        3
 Portal Projectile        Hex/Tloc       0%         N/A       100%        3
 Spider Form              Tmut/Pois      0%         N/A       100%        3
 Stone Arrow              Conj/Erth      0%         3d7       100%        3
 Summon Guardian Golem    Hex/Summ       0%         N/A       100%        3
 Teleport Other           Tloc           0%         N/A       100%        3
 Tukima's Dance           Hex            0%         N/A       100%        3
 Anguish                  Hex/Necr       0%         N/A       100%        4
 Cause Fear               Hex            0%         N/A       100%        4
 Fulminant Prism          Conj/Hex       0%         3d6       100%        4
 Ice Form                 Ice/Tmut       0%         N/A       100%        4
 Iskenderun's Mystic Bla  Conj/Tloc      0%         2d3       100%        4
 Petrify                  Tmut/Erth      0%         N/A       100%        4
 Summon Ice Beast         Ice/Summ       0%         N/A       100%        4
 Agony                    Necr           0%         N/A       100%        5
 Blade Hands              Tmut           0%         N/A       100%        5
 Freezing Cloud           Conj/Ice/Air   0%         6-21      100%        5
 Irradiate                Conj/Tmut      0%         3d11      100%        5
 Iskenderun's Battlesphe  Conj           0%         2d6       100%        5
 Lee's Rapid Deconstruct  Erth           0%         3d4*      100%        5
 Metabolic Englaciation   Hex/Ice        0%         N/A       100%        5
 Silence                  Hex/Air        0%         N/A       100%        5
 Summon Forest            Summ/Tloc      0%         N/A       100%        5
 Summon Mana Viper        Hex/Summ       0%         N/A       100%        5
 Iron Shot                Conj/Erth      0%         9d1       100%        6
 Simulacrum               Ice/Necr       0%         N/A       100%        6
 Starburst                Conj/Fire      0%         6d3       100%        6
 Summon Cactus Giant      Summ           0%         N/A       100%        6
 Dragon Form              Tmut           0%         N/A       100%        7
 Enfeeble                 Hex            0%         N/A       100%        7
 Malign Gateway           Summ/Tloc      0%         N/A       100%        7
 Monstrous Menagerie      Summ           0%         N/A       100%        7
 Spellforged Servitor     Conj/Summ      0%         N/A       100%        7
 Discord                  Hex            0%         N/A       100%        8
 Disjunction              Tloc           0%         N/A       100%        8
 Summon Horrible Things   Summ           0%         N/A       100%        8


Dungeon Overview and Level Annotations

Branches:
Dungeon (15/15)            Temple (1/1) D:6            Lair (5/5) D:9
  Swamp (4/4) Lair:3        Snake (4/4) Lair:2        Slime (0/5) Lair:4
    Orc (2/2) D:12            Elf (3/3) Orc:2        Vaults (4/5) D:14
  Crypt (0/3) Vaults:2     Depths (3/4) D:15           Hell (visited)
 WizLab (visited)         Desolation (visited)      Gauntlet (visited)
    Dis: Hell:1         Geh: Hell:1         Coc: Hell:1         Tar: Hell:1

Altars:
Ashenzari
Cheibriados
Dithmenos
Fedhas
Gozag
Hepliaklqana
Kikubaaqudgha
Makhleb
Nemelex Xobeh
Okawaru
Qazlal
Ru
Sif Muna
Trog
Uskayaw
Vehumet
Wu Jian
Xom
Yredelemnul
Jiyva

Shops:
D:6 *   D:8 (   D:11 *   D:13 =   Orc:1 (   Orc:2 (([!   Elf:2 [?!
Snake:2 ([=   Vaults:3 ?   Vaults:4 (   Depths:1 ==:   Depths:3 [

Portals:
Hell: Lair:5 Depths:1 Depths:2 Depths:3
Abyss: Depths:3
Pandemonium: Depths:1 Depths:2
Ziggurat: Depths:3

Annotations:
D:4 3 runed translucent doors, Bediveer's ghost, amateur TeWr; Darkkill's ghost, amateur MiHu; baller8008's ghost, amateur AtFi; bchevrier's ghost, amateur GnWn
Swamp:2 Roxanne
Hell Geryon


Innate Abilities, Weirdness & Mutations

You are completely covered in large bone plates. (SH +8)
You are powered by pain.
You are resistant to unholy torment.
When hurt, damage is shared between your health and your magic reserves.
You regenerate magic rapidly.
You punish those that try to bend your will. (Will+)
You have a sharp stinger which inflicts weakening toxins.


Message History

* * * LOW HITPOINT WARNING * * *
You focus on the pain.
You feel agile all of a sudden.
You block the tentacled monstrosity's attack.
The tentacled monstrosity tentacle-slaps you!
* * * LOW HITPOINT WARNING * * *
The tentacled monstrosity tentacle-slaps you but does no damage.
The tentacled monstrosity constricts you!
* * * LOW HITPOINT WARNING * * *
Blink to where?
Press: ? - help, Dir - move target The tentacled monstrosity's grasp on you weakens, but your attempt to escape fails.
As you read the scroll of blinking, it crumbles to dust.
The hell knight completely misses you. You block the hell knight's attack. x2
The hell knight is engulfed in freezing vapours.
The daeva calls down the wrath of the Shining One upon you.
The Shining One smites you!
* * * LOW HITPOINT WARNING * * *
The tentacled monstrosity tentacle-slaps you but does no damage.
You block the tentacled monstrosity's attack.
The tentacled monstrosity closely misses you.
The tentacled monstrosity constricts you.
You feel much better.
You hear a shout!
You block the hell knight's attack. x3
The hell knight is engulfed in freezing vapours.
The hell knight hits you with a +3 scimitar of draining!
* * * LOW HITPOINT WARNING * * *
You feel drained.
* * * LOW HITPOINT WARNING * * *
The hell knight mumbles some strange prayers to its god.
The hell knight blinks!
You block the hell knight's attack.
The tentacled monstrosity tentacle-slaps you!
* * * LOW HITPOINT WARNING * * *
You feel more protected from physical attacks.
The tentacled monstrosity tentacle-slaps you but does no damage. x2
The tentacled monstrosity constricts you.
The daeva calls down the wrath of the Shining One upon you.
The Shining One smites you!
You die...

....#....##.∩A##.....#
.#........##A##......##
...........###........# #
...#........#p........# .#
...#.................### #.##.#
##.....................##......
#.........).....Z..............
#...............pp.......#.....
)..)...........§@XZ)....## ..#
................○p§p)))## #
).....##.#....°°§.pp.))#
.)...#####..........~~)....#
..[.## #..........~≈.....#
)....## #....#####.~~....##
......# #.... #..≈~..###
......# ..... ....~~~..
.......# ..........


You could see a tentacled monstrosity, a daeva, 5 hell knights, 2 necromancers,
a spriggan simulacrum and a hell knight simulacrum.

Vanquished Creatures
  Mara (Depths:1)
  Boris (Vaults:3)
  Frederick (Depths:3)
  A Head Instructor (WizLab)
  Saint Roka (Snake:1)
  Vashnia (Snake:2)
  The ghost of Mafuddif the Slayer, an adept HOFi of Beogh (Depths:2)
  2 tentacled monstrosities (Depths:2)
  A lich (Depths:3)
  Asterion (Depths:1)
  3 deep elf blademasters
  A walking crystal tome (Depths:2)
  A walking divine tome (D:15)
  The ghost of Ezureorgha the Apostle, an adept HOFi of Beogh (Vaults:1)
  The ghost of Juyf the Stormcaller, an adept OpAE of Gozag (Vaults:1)
  2 quicksilver dragons (Snake:4)
  2 deep elf master archers (Elf:3)
  3 sphinxes
  Frances (Snake:2)
  The ghost of Gizecwe the Grand Scion, an adept DsMo of Hepliaklqana (Vaults:1)
  A shadow dragon (Depths:2)
  A storm dragon (Depths:3)
  5 tengu reavers
  Donald (Vaults:4)
  6 nagarajas
  A fire giant (Depths:1)
  A draconian knight (WizLab)
  An iron dragon (Depths:2)
  2 fenstrider witches (Swamp:3)
  Aizul (Snake:2)
  6 deep elf sorcerers
  An imperial myrmidon (Vaults:2)
  6 frost giants
  6 vault wardens
  4 deep elf elementalists (Elf:3)
  3 spriggan defenders
  A quicksilver ooze (Gauntlet)
  21 very ugly things
  6 stone giants
  3 war gargoyles
  20 ironbound preservers
  A vampire knight (Depths:2)
  4 eleionomae
  7 ironbound thunderhulks
  6 deep elf demonologists
  Azrael (D:13)
  The ghost of Archem the Fighter, a journeyman OgTm of Ashenzari (Lair:3)
  2 halazid warlocks (Desolation)
  4 spark wasps (Depths:2)
  5 deep elf annihilators (Elf:3)
  12 dire elephants
  A minotaur (Gauntlet)
  5 bunyips
  5 ettins
  4 deep elf death magi
  A shambling mangrove (Swamp:2)
  5 fire dragons
  2 entropy weavers
  Josephine (D:13)
  A deep elf high priest (Elf:3)
  7 great orbs of eyes
  8 ragged hierophants (Desolation)
  9 vault guards
  4 yaktaur captains
  A hell beast (Depths:3)
  3 salamander tyrants
  Fannar (Lair:3)
  An ice dragon (shapeshifter) (D:10)
  6 rakshasas
  2 catoblepae
  The ghost of koil the Nimble, a journeyman SpHu of Okawaru (Lair:1)
  5 servants of whispers
  6 ogre magi
  16 hydras
  4 spriggan air magi
  7 peacekeepers
  10 centaur warriors
  3 ice dragons
  5 alligator snapping turtles (Snake:4)
  2 death knights (Vaults:2)
  27 dancing weapons
  4 ghost crabs
  14 anacondas
  15 two-headed ogres
  11 ironbound frosthearts
  A hell hog (Depths:3)
  9 boulder beetles
  5 death yaks (Lair:4)
  12 naga warriors
  3 deep troll shamans (Depths:2)
  9 alligators
  2 vampire magi
  A death yak (shapeshifter) (Depths:3)
  4 tengu warriors
  5 deep troll earth magi
  15 naga sharpshooters
  An orc high priest (Elf:2)
  4 spriggan berserkers
  8 shock serpents
  A soul eater (Depths:3)
  14 deep elf knights
  6 hell knights
  14 spriggans
  5 skeletal warriors
  A sixfirhy (Lair:5)
  4 iron trolls
  A flayed ghost (Depths:2)
  A quicksilver dragon simulacrum (Depths:3)
  A sea snake (Snake:4)
  A deep troll (shapeshifter) (Depths:1)
  A fire crab (Swamp:4)
  8 spriggan druids
  7 goliath frogs
  7 salamander mystics
  11 wizards
  A bog body (Swamp:1)
  2 glowing orange brains
  59 deep trolls
  7 lindwurms
  4 naga ritualists
  8 swamp dragons
  34 deep elf pyromancers
  A phantasmal warrior (Vaults:2)
  8 necromancers
  3 orc knights
  9 deep elf archers
  20 ironbound convokers
  A wolf spider (Lair:1)
  21 deep elf zephyrmancers
  15 mana vipers
  4 orc sorcerers
  7 cyclopes
  26 salamanders
  3 will-o-the-wisps
  5 centaur zombies
  30 ugly things
  15 vault sentinels
  14 naga magi
  37 black mambas
  11 guardian serpents
  4 elephants
  An eye of devastation (Lair:4)
  7 cane toads
  A centaur skeleton (D:15)
  A molten gargoyle (Desolation)
  3 gargoyles
  7 rime drakes
  A komodo dragon (shapeshifter) (Depths:1)
  11 komodo dragons
  An unseen horror (D:10)
  A tengu conjurer (WizLab)
  2 freezing wraiths
  A hellwing (Lair:5)
  15 yaktaurs
  3 red devils (Lair:5)
  2 bloated husks
  An ice devil (Lair:5)
  13 trolls
  3 meliai (D:15)
  8 tyrant leeches
  17 hornets
  A harpy skeleton (D:15)
  44 saltlings
  A tarantella (Vaults:4)
  12 slime creatures
  10 blink frogs
  2 meliai zombies (D:13)
  11 dream sheep (Lair:4)
  A spectral black mamba (Lair:1)
  A raiju (shapeshifter) (Depths:2)
  19 flying skulls (D:13)
  3 snapping turtles (Snake:4)
  5 air elementals
  2 shadows
  A centaur simulacrum (D:15)
  5 vampires
  6 wyverns
  50 yaks
  7 water elementals
  11 wraiths
  9 fire elementals
  2 redbacks (Vaults:4)
  2 basilisks
  A death yak simulacrum (Lair:1)
  5 fire bats (Swamp:4)
  3 steam dragons (Swamp:4)
  17 vampire mosquitoes
  A redback simulacrum (D:15)
  37 nagas
  15 water moccasins
  18 swamp worms
  2 floating eyes
  7 hell hounds
  29 orc warriors
  A sky beast (D:7)
  8 swamp drakes
  2 ice beasts
  A black bear (D:7)
  A hornet zombie (D:15)
  A boggart (Depths:2)
  A black bear (shapeshifter) (Depths:2)
  24 ogres
  15 wolves
  8 centaurs
  A phantom (D:5)
  2 kobold brigands
  Blork the orc (D:4)
  12 bullfrogs
  A necrophage (D:4)
  2 earth elementals
  2 scorpions
  19 wights
  33 killer bees
  7 howler monkeys
  4 electric eels
  2 lava snakes
  5 gnoll boudas
  9 orc priests
  Crazy Yiuf (D:5)
  2 hounds
  3 jellies
  3 iguanas
  17 orc wizards
  Natasha (thrice) (D:3)
  24 gnolls
  6 adders
  3 shadow imps
  A white imp (D:7)
  An ufetubus (D:4)
  2 worms (D:2)
  6 dart slugs
  56 orcs
  3 ball pythons
  2 bats (D:1)
  8 endoplasms
  7 goblins
  5 hobgoblins
  4 jackals (D:4)
  16 kobolds
  2 quokkas
  8 frilled lizards
  3 rats
  A bush (WizLab)
  A butterfly (Lair:3)
1664 creatures vanquished.

Vanquished Creatures (collateral kills)
  A quicksilver dragon (WizLab)
  A frost giant (Depths:3)
  A fire giant (Depths:2)
  A vault warden (Vaults:1)
  An orc warlord (Vaults:4)
  An ironbound preserver (Vaults:1)
  An ironbound thunderhulk (Vaults:4)
  A very ugly thing (Vaults:3)
  A salamander tyrant (Snake:2)
  A centaur warrior (Vaults:1)
  3 dancing weapons (Elf:2)
  2 hydras
  An ironbound frostheart (Vaults:4)
  A death yak (Lair:4)
  A deep elf knight (Elf:2)
  2 naga sharpshooters
  A spectral catoblepas (Lair:1)
  A sea snake (Snake:4)
  A spectral hydra (Lair:1)
  2 deep trolls
  An orc knight (Vaults:4)
  4 ironbound convokers
  A lindwurm (Lair:5)
  A mana viper (WizLab)
  2 deep elf zephyrmancers (Elf:2)
  A salamander (Snake:2)
  A guardian serpent (Snake:4)
  A molten gargoyle (Vaults:2)
  A black mamba (Snake:1)
  3 vault sentinels
  3 naga magi
  A yaktaur (Vaults:1)
  A red devil (Lair:5)
  A queen bee (D:15)
  A saltling (Vaults:2)
  A spectral komodo dragon (Lair:1)
  A yak (Lair:4)
  4 swamp worms (Swamp:3)
  3 nagas
  A hell hound (Lair:5)
  A water moccasin (Lair:3)
  3 killer bees (D:15)
62 creatures vanquished.

Vanquished Creatures (others)
  2 eleionomae
  2 deep elf knights (Elf:2)
  A wizard (WizLab)
  A deep elf archer (Elf:1)
  A deep elf pyromancer (Elf:3)
  A deep elf zephyrmancer (Elf:1)
  2 tyrant leeches (Swamp:3)
  4 bloated husks
  A slime creature (Vaults:2)
  A centaur simulacrum (D:14)
  2 water elementals
  A fire bat (Swamp:4)
  2 swamp drakes (Swamp:4)
  An orc warrior (Elf:3)
  A quokka (Depths:3)
  91 bushes (Depths:3)
  2 butterflies (Lair:3)
  15 foxfires
  21 fungi
  74 plants
  3 withered plants
229 creatures vanquished.

Grand Total: 1955 creatures vanquished

Notes
Turn   | Place    | Note
-------+----------+-------------------------------------------
     0 | D:1      | jlumianski the Demonspawn Fighter began the quest for the
                  | Orb.
     0 | D:1      | Reached XP level 1. HP: 18/18 MP: 1/1
    93 | D:1      | Gained mutation: You regenerate magic rapidly. [demonic
                  | ancestry]
    93 | D:1      | Reached XP level 2. HP: 24/24 MP: 2/2
   284 | D:1      | Found a faded altar of an unknown god.
   586 | D:1      | Gained mutation: You have a small tail. [demonic ancestry]
   586 | D:1      | Reached XP level 3. HP: 25/29 MP: 3/3
  1445 | D:2      | Gained mutation: You sometimes gain a little power by
                  | taking damage. [demonic ancestry]
  1445 | D:2      | Reached XP level 4. HP: 33/37 MP: 4/4
  2534 | D:3      | Noticed Natasha
  2540 | D:3      | Gained mutation: You are partially covered in large bone
                  | plates. (SH +4) [demonic ancestry]
  2540 | D:3      | Reached XP level 5. HP: 21/42 MP: 5/5
  2541 | D:3      | Killed Natasha
  2782 | D:3      | Noticed Natasha
  2799 | D:3      | Killed Natasha
  2848 | D:3      | Noticed Natasha
  2854 | D:3      | Killed Natasha
  2867 | D:3      | Identified a scroll of acquirement
  2867 | D:3      | Acquired a manual of Fighting
  2898 | D:4      | Reached XP level 6. HP: 41/48 MP: 6/6
  2959 | D:4      | Found a hide-covered altar of Uskayaw.
  3043 | D:4      | Found a runed translucent gate.
  3045 | D:4      | Found a runed translucent gate.
  3046 | D:4      | Found a runed translucent gate.
  3048 | D:4      | Noticed bchevrier's ghost (amateur GnWn)
  3048 | D:4      | Noticed Darkkill's ghost (amateur MiHu)
  3048 | D:4      | Noticed Bediveer's ghost (amateur TeWr)
  3048 | D:4      | Noticed baller8008's ghost (amateur AtFi)
  3068 | D:4      | Reached skill level 4 in Fighting
  3134 | D:4      | Noticed Blork the orc
  3145 | D:4      | Killed Blork the orc
  3355 | D:5      | Entered Level 5 of the Dungeon
  3620 | D:4      | Reached skill level 5 in Fighting
  3620 | D:4      | Gained mutation: You sometimes gain power by taking damage.
                  | [demonic ancestry]
  3620 | D:4      | Reached XP level 7. HP: 56/56 MP: 7/7
  4248 | D:5      | Reached skill level 5 in Axes
  4248 | D:5      | Reached skill level 1 in Throwing
  4438 | D:5      | Reached skill level 1 in Dodging
  4438 | D:5      | Identified the amulet of Qacreq {Spirit Will++}
  4455 | D:5      | Acquired the +3 helmet of Compassion {rElec Str+3}
  4673 | D:5      | Reached skill level 6 in Fighting
  4697 | D:5      | Found a runed translucent door.
  4698 | D:5      | Noticed Crazy Yiuf
  5007 | D:5      | Reached XP level 8. HP: 62/64 MP: 8/8
  5238 | D:6      | Found Ruffak's General Store.
  5242 | D:6      | Bought a wand of roots (4) for 105 gold pieces
  5242 | D:6      | Bought a +0 pair of gloves for 49 gold pieces
  5465 | D:5      | Killed Crazy Yiuf
  5809 | D:6      | Reached skill level 7 in Fighting
  6106 | D:6      | Found a staircase to the Ecumenical Temple.
  6113 | Temple   | Entered the Ecumenical Temple
  7085 | D:7      | Reached skill level 5 in Armour
  7163 | D:7      | Reached skill level 8 in Fighting
  7264 | D:7      | Reached XP level 9. HP: 74/74 MP: 9/9
  7980 | D:8      | Found a broken altar of Ashenzari.
  8025 | D:7      | Reached skill level 5 in Shields
  8237 | D:8      | Found a burning altar of Makhleb.
  8443 | D:7      | Reached skill level 9 in Fighting
  8672 | D:8      | Found a hazy altar of Hepliaklqana.
  8861 | D:8      | Noticed a two-headed ogre
  8869 | D:8      | Killed a two-headed ogre
  8870 | D:8      | Reached skill level 10 in Fighting
  8870 | D:8      | Gained mutation: You have a tail ending in a sharp stinger.
                  | [demonic ancestry]
  8870 | D:8      | Reached XP level 10. HP: 80/85 MP: 8/10
  9248 | D:8      | Found Raahulul's Weapon Shoppe.
  9371 | D:10     | Entered Level 10 of the Dungeon
  9442 | D:9      | Found a sparkling altar of Nemelex Xobeh.
  9569 | D:9      | Found a staircase to the Lair.
  9939 | D:9      | Reached skill level 11 in Fighting
 10521 | D:11     | Noticed a boulder beetle
 10544 | D:10     | Noticed an elephant
 10601 | D:10     | Noticed a wizard
 10613 | D:10     | Killed a wizard
 10614 | D:10     | Reached skill level 12 in Fighting
 10614 | D:10     | Reached skill level 10 in Axes
 10614 | D:10     | Noticed a swamp dragon
 10617 | D:10     | a swamp dragon changed into a jorogumo
 10617 | D:10     | Noticed a jorogumo (shapeshifter)
 10717 | D:9      | Reached XP level 11. HP: 80/95 MP: 9/11
 10738 | D:10     | Noticed an ice dragon
 10750 | D:10     | Killed an ice dragon
 11238 | D:11     | Noticed a two-headed ogre
 11250 | D:11     | Killed a two-headed ogre
 11418 | D:10     | Killed a boulder beetle
 11750 | D:10     | Found a shimmering altar of Xom.
 11752 | D:10     | Found a blossoming altar of Fedhas.
 11753 | D:10     | Noticed a two-headed ogre
 11757 | D:10     | Reached skill level 13 in Fighting
 11770 | D:10     | Killed a two-headed ogre
 11785 | D:10     | Found a shadowy altar of Dithmenos.
 11791 | D:10     | Found a bloodstained altar of Trog.
 11795 | D:10     | Found a stormy altar of Qazlal.
 11799 | D:10     | Found a radiant altar of Vehumet.
 11810 | D:10     | Became a worshipper of Qazlal Stormbringer
 12344 | D:11     | Reached skill level 1 in Invocations
 12346 | D:11     | Noticed a boulder beetle
 12525 | D:10     | Killed a boulder beetle
 12609 | D:11     | Reached skill level 1 in Evocations
 12887 | D:11     | Found Rack's Assorted Antiques.
 12905 | D:11     | Bought a scroll of enchant weapon for 172 gold pieces
 12905 | D:11     | Bought a potion of heal wounds for 115 gold pieces
 12905 | D:11     | Bought a runed glass wand for 92 gold pieces
 13120 | D:11     | Noticed a boulder beetle
 13165 | D:11     | Killed a boulder beetle
 13531 | D:12     | Noticed a centaur warrior
 13538 | D:12     | Killed a centaur warrior
 13563 | D:12     | Found a staircase to the Orcish Mines.
 13854 | D:12     | Gained mutation: You have a sharp stinger which inflicts
                  | weakening toxins. [demonic ancestry]
 13854 | D:12     | Reached XP level 12. HP: 105/105 MP: 14/14
 13917 | D:12     | Noticed a boulder beetle
 13930 | D:12     | Killed a boulder beetle
 13936 | D:13     | Found Egyowkur's Jewellery Shoppe.
 13976 | D:12     | Noticed Josephine
 14044 | D:13     | Noticed a centaur warrior
 14049 | D:13     | Killed a centaur warrior
 14242 | D:13     | Reached * piety under Qazlal
 14248 | D:13     | Killed Josephine
 14250 | D:13     | Reached skill level 5 in Invocations
 14315 | Orc:1    | Entered Level 1 of the Orcish Mines
 14694 | Orc:2    | Entered Level 2 of the Orcish Mines
 14700 | Orc:2    | Noticed an ogre mage
 15319 | Orc:1    | Reached skill level 14 in Fighting
 15322 | Orc:1    | Reached ** piety under Qazlal
 15403 | Orc:2    | Noticed a two-headed ogre
 15437 | Orc:2    | Noticed a two-headed ogre
 15437 | Orc:2    | Noticed a two-headed ogre
 15437 | Orc:2    | Noticed a two-headed ogre
 15446 | Orc:2    | Noticed a two-headed ogre
 15470 | D:12     | Killed a two-headed ogre
 15573 | D:11     | Killed a two-headed ogre
 15581 | D:11     | Killed a two-headed ogre
 15773 | Orc:1    | Killed a two-headed ogre
 15782 | Orc:2    | Noticed a two-headed ogre
 15782 | Orc:2    | Noticed a two-headed ogre
 15789 | Orc:1    | Killed a two-headed ogre
 15837 | Orc:1    | Killed a two-headed ogre
 15838 | Orc:1    | Killed a two-headed ogre
 15839 | Orc:1    | Reached XP level 13. HP: 83/113 MP: 13/18
 16573 | Orc:2    | Reached *** piety under Qazlal
 16723 | Orc:2    | Found Leruddoa's Weapon Boutique.
 16728 | Orc:2    | Found Settuun's Antique Weapon Shoppe.
 16733 | Orc:2    | Found Feurch's Antique Armour Shop.
 16734 | Orc:2    | Found Yroinasch's Distillery.
 16778 | Orc:1    | Reached skill level 5 in Evocations
 16893 | Orc:2    | Bought a potion of heal wounds for 50 gold pieces
 16907 | Orc:2    | Bought 5 atropa-tipped darts for 42 gold pieces
 16921 | Orc:2    | Bought an ichor-stained chain mail for 275 gold pieces
 16921 | Orc:2    | Identified the +1 chain mail of Cheibriados's Reproof {rC+
                  | Dex+4} (You bought it in a shop on level 2 of the Orcish
                  | Mines)
 16937 | Orc:2    | Found a staircase to the Elven Halls.
 17390 | Orc:1    | Found Mucviaci's Antique Weapon Emporium.
 17841 | D:13     | Bought a +4 ring of slaying for 936 gold pieces
 18481 | D:13     | Found the +3 giant club "Skullcrusher" {speed, Str+7}
 18534 | D:13     | Reached **** piety under Qazlal
 19233 | D:13     | Reached skill level 10 in Shields
 19432 | D:14     | Noticed Azrael
 19519 | Lair:1   | Entered Level 1 of the Lair of Beasts
 19522 | Lair:1   | Reached skill level 15 in Fighting
 19718 | Lair:1   | Gained mutation: When hurt, damage is shared between your
                  | health and your magic reserves. [demonic ancestry]
 19718 | Lair:1   | Reached XP level 14. HP: 123/123 MP: 20/20
 19904 | Lair:2   | Found a gate leading to a gauntlet.
 19914 | Lair:2   | Reached ***** piety under Qazlal
 19916 | Gauntlet | Entered a Gauntlet
 19916 | Gauntlet | Found a transporter.
 19916 | Gauntlet | Found a transporter.
 19919 | Gauntlet | Found a runed translucent door.
 19920 | Gauntlet | Found a transporter.
 19922 | Gauntlet | Found a transporter.
 19923 | Gauntlet | Found a transporter.
 19941 | Gauntlet | Found a transporter.
 19944 | Gauntlet | Found a transporter.
 19986 | Gauntlet | Found a transporter.
 19989 | Gauntlet | Found a transporter.
 19989 | Gauntlet | Found a transporter.
 20083 | Gauntlet | Found a transporter.
 20100 | Gauntlet | Found a transporter.
 20116 | Gauntlet | Noticed a quicksilver ooze
 20117 | Gauntlet | Found a transporter.
 20127 | Gauntlet | Found a transporter.
 20288 | Gauntlet | Identified the +1 ring mail "Qiceataf" {rF+ rC+ Dex+4}
 20461 | Gauntlet | Identified the +1 helmet "Uveeted" {Rampage Int+4}
 20465 | Gauntlet | Killed a quicksilver ooze
 20671 | Lair:2   | Reached skill level 1 in Stealth
 20854 | Lair:1   | Identified the +5 sling "Beetleslayer" {drain, rPois rC+++
                  | Int-3 SInv}
 20894 | Lair:1   | Found a runed translucent gate.
 20901 | Lair:1   | Found a runed translucent gate.
 21091 | Lair:1   | Found a runed translucent gate.
 21091 | Lair:1   | Noticed koil's ghost (journeyman SpHu)
 21384 | Lair:1   | Killed koil's ghost
 21756 | Lair:2   | Found a staircase to the Snake Pit.
 21940 | Lair:3   | Found a transporter.
 22383 | Lair:3   | Noticed Fannar
 22394 | Lair:3   | Killed Fannar
 22517 | Lair:3   | Noticed Archem's ghost (journeyman OgTm)
 22518 | Lair:3   | Found a transporter.
 22707 | Lair:3   | Found a staircase to the Swamp.
 23459 | Lair:3   | Killed Archem's ghost
 23620 | Lair:4   | Reached skill level 10 in Invocations
 23761 | Lair:4   | Paralysed by a floating eye for 2 turns
 23975 | Lair:4   | Found a staircase to the Slime Pits.
 23976 | Lair:4   | Found a viscous altar of Jiyva.
 24038 | Lair:4   | Reached XP level 15. HP: 100/130 MP: 20/22
 24120 | Lair:4   | Reached skill level 16 in Fighting
 24269 | Lair:5   | Entered Level 5 of the Lair of Beasts
 24667 | Lair:5   | Found a burning altar of Makhleb.
 24691 | Lair:5   | Found a gateway to Hell.
 24705 | Hell     | Entered the Vestibule of Hell
 24705 | Hell     | Noticed Geryon
 25699 | D:13     | Killed Azrael
 25778 | D:15     | Entered Level 15 of the Dungeon
 26382 | D:14     | Found a gate to the Vaults.
 26711 | D:15     | Found a sparkling altar of Nemelex Xobeh.
 27216 | D:15     | Found a staircase to the Depths.
 27298 | D:15     | Reached ****** piety under Qazlal
 27355 | D:15     | Found a sacrificial altar of Ru.
 27833 | Snake:1  | Entered Level 1 of the Snake Pit
 27858 | Snake:1  | Reached XP level 16. HP: 80/140 MP: 16/25
 27936 | Snake:1  | Found a flickering gateway to a bazaar.
 27948 | Bazaar   | Entered a bazaar
 27948 | Bazaar   | Found Faobos's Magic Scroll Shoppe.
 27948 | Bazaar   | Found Rotoer's Antique Weapon Shoppe.
 27948 | Bazaar   | Found Xela Zon's Antique Armour Emporium.
 27950 | Bazaar   | Found Zikhlucye's Distillery.
 27982 | Bazaar   | Bought a glowing broad axe for 154 gold pieces
 27988 | Bazaar   | Bought a scroll of enchant weapon for 75 gold pieces
 27988 | Bazaar   | Bought a scroll of identify for 20 gold pieces
 27988 | Bazaar   | Bought a scroll of brand weapon for 95 gold pieces
 27988 | Bazaar   | Bought a scroll of identify for 20 gold pieces
 27988 | Bazaar   | Bought a scroll of enchant weapon for 75 gold pieces
 27988 | Bazaar   | Bought a scroll of enchant armour for 75 gold pieces
 29864 | Snake:2  | Noticed Saint Roka
 29906 | Snake:2  | Noticed Vashnia
 30055 | Snake:2  | Noticed Aizul
 30255 | Snake:1  | Reached skill level 17 in Fighting
 30548 | Snake:1  | Killed Saint Roka
 31881 | Snake:2  | Reached skill level 15 in Axes
 32593 | Snake:3  | Reached skill level 10 in Armour
 32808 | Snake:3  | Identified the +5 dagger "Keapna" {venom, rF++ Will++}
 33244 | Snake:2  | Noticed Frances
 33257 | Snake:2  | Killed Frances
 33258 | Snake:2  | Gained mutation: You punish those that try to bend your
                  | will. (Will+) [demonic ancestry]
 33258 | Snake:2  | Reached XP level 17. HP: 122/148 MP: 22/27
 33569 | Snake:2  | Killed Aizul
 33627 | Snake:2  | Acquired 469 gold pieces
 33664 | Snake:2  | Reached skill level 10 in Evocations
 33666 | Snake:2  | Killed Vashnia
 33931 | Snake:2  | Identified the +1 ring mail of the Game of Life {Dex+5}
 34174 | Snake:2  | Found Syerghouro's Jewellery Emporium.
 34178 | Snake:2  | Found Icvid's Weapon Boutique.
 34184 | Snake:2  | Found Kustelo's Armour Boutique.
 34217 | Snake:2  | Bought an amulet of reflection for 300 gold pieces
 34536 | Snake:4  | Entered Level 4 of the Snake Pit
 35806 | Snake:4  | Noticed a quicksilver dragon
 35815 | Snake:4  | Noticed a quicksilver dragon
 35816 | Snake:4  | Killed a quicksilver dragon
 35819 | Snake:4  | Killed a quicksilver dragon
 35951 | Snake:4  | Reached skill level 18 in Fighting
 36013 | Snake:4  | Got a serpentine rune of Zot
 37272 | Snake:4  | Found a shimmering altar of Xom.
 38038 | Swamp:1  | Entered Level 1 of the Swamp
 38373 | Swamp:2  | Noticed Roxanne
 38438 | Swamp:1  | Gained mutation: You are mostly covered in large bone
                  | plates. (SH +6) [demonic ancestry]
 38438 | Swamp:1  | Reached XP level 18. HP: 157/157 MP: 29/29
 38445 | Swamp:1  | Reached skill level 15 in Invocations
 39316 | Swamp:2  | Identified the +9 scimitar of Cigetuig {speed, Int+4}
 39783 | Swamp:3  | Upgraded the game from 0.30-a0-313-gae38170b09 to
                  | 0.30-a0-322-g102857c98e
 40520 | Swamp:4  | Entered Level 4 of the Swamp
 41885 | Swamp:4  | Got a decaying rune of Zot
 42258 | Vaults:1 | Entered Level 1 of the Vaults
 43104 | Vaults:2 | Gained mutation: You are resistant to unholy torment.
                  | [demonic ancestry]
 43104 | Vaults:2 | Reached XP level 19. HP: 98/165 MP: 22/31
 43192 | Vaults:2 | Found a staircase to the Crypt.
 43231 | Vaults:2 | Found a crumbling gateway.
 43338 | Desolati | Entered the Desolation of Salt
 43366 | Desolati | Reached skill level 19 in Fighting
 43698 | Desolati | Identified the +4 scale mail of Loil {*Slow rPois Int+4}
 43812 | Desolati | HP: 6/162 [crystal guardian/crystal bolt (28)]
 45217 | Vaults:1 | Found a runed translucent gate.
 45217 | Vaults:1 | Found a runed translucent gate.
 45217 | Vaults:1 | Found a runed translucent gate.
 45217 | Vaults:1 | Noticed Gizecwe's ghost (adept DsMo)
 45217 | Vaults:1 | Noticed Juyf's ghost (adept OpAE)
 45217 | Vaults:1 | Noticed Ezureorgha's ghost (adept HOFi)
 45237 | Vaults:1 | Killed Ezureorgha's ghost
 45252 | Vaults:1 | Killed Gizecwe's ghost
 45260 | Vaults:1 | Killed Juyf's ghost
 45282 | Vaults:1 | Identified the ring "Obiyjeogu" {rPois rF+ Str+3 Dex+3}
 45782 | Vaults:2 | Reached skill level 15 in Shields
 45876 | Vaults:2 | Identified the +8 battleaxe "Hesetsya" {freeze, Str+3
                  | Dex+5}
 45984 | Vaults:2 | You fall into a shaft and drop 2 floors!
 46212 | Vaults:3 | Gained mutation: You are completely covered in large bone
                  | plates. (SH +8) [demonic ancestry]
 46212 | Vaults:3 | Reached XP level 20. HP: 133/175 MP: 26/32
 46820 | Vaults:2 | Identified the +2 scimitar "Niyggas" {vamp, Str+2 Int+2}
 46950 | Vaults:2 | Identified the ring "Vedib" {Str+4 Dex+6}
 46954 | Vaults:2 | Identified the amulet of Xom's Passing Interest {Spirit
                  | rElec Str+5 Dex+4 Stlth+}
 47694 | Vaults:3 | Found Eneck's Magic Scroll Shoppe.
 47702 | Vaults:3 | Bought a scroll of magic mapping for 157 gold pieces
 47731 | Vaults:3 | Noticed Boris
 47755 | Vaults:3 | Killed Boris
 48068 | Vaults:3 | Reached skill level 20 in Fighting
 49062 | Vaults:4 | Noticed Donald
 49070 | Vaults:4 | Killed Donald
 49993 | Vaults:4 | Reached XP level 21. HP: 146/184 MP: 31/34
 50082 | Vaults:4 | Found Curok's Weapon Boutique.
 50676 | Elf:1    | Entered Level 1 of the Elven Halls
 50879 | Elf:1    | Paralysed by an air elemental for 1 turns
 51161 | Elf:2    | Reached skill level 21 in Fighting
 51226 | Elf:2    | Found Meabb's Armour Shop.
 51228 | Elf:2    | Found Mygut's Magic Scroll Boutique.
 51242 | Elf:2    | Found Puunorim's Distillery.
 51259 | Elf:2    | Bought a +1 pair of boots of flying for 247 gold pieces
 51271 | Elf:2    | Bought a scroll of enchant armour for 105 gold pieces
 51274 | Elf:2    | Bought a potion of heal wounds for 65 gold pieces
 51287 | Elf:2    | Found a magical portal.
 51309 | WizLab   | Entered Yara's Duelist Academy
 51729 | WizLab   | Noticed Jollir
 51738 | WizLab   | Killed Jollir the Head Instructor
 52503 | Elf:1    | Got Plog's Verses on Apparitions
 52942 | Elf:2    | Found a runed translucent gate.
 52942 | Elf:2    | Found a runed translucent gate.
 52942 | Elf:2    | Found a runed translucent gate.
 53462 | Elf:3    | Entered Level 3 of the Elven Halls
 54436 | Elf:3    | Reached XP level 22. HP: 189/190 MP: 35/35
 54532 | Elf:3    | Identified the +3 leather armour of Ituqivve {rPois Int-2
                  | Dex+8}
 54547 | Elf:3    | Identified the +1 scale mail of the Cockroach {Str+2 Dex+3}
 54547 | Elf:3    | Identified the ring "Seufom" {Fly rC- Will+ rCorr Dex+4}
 54583 | Elf:3    | Reached skill level 22 in Fighting
 54660 | Elf:3    | Identified the +10 flail "Tin Ejan" {flame, rF+ Dex+3}
 54729 | Elf:3    | Got Sif Muna's Compilation of Glamour and Envenoming
 54748 | Elf:3    | Got the Papyrus of Orientation and Geology
 54757 | Elf:3    | Identified the ring of the Beastly Fig {Drain +Blink rC+
                  | Will+ Dex+6}
 55329 | D:9      | Acquired 702 gold pieces
 55478 | Depths:1 | Entered Level 1 of the Depths
 56014 | Depths:1 | Found a one-way gate leading to the halls of Pandemonium.
 56052 | Depths:1 | Noticed Asterion
 56066 | Depths:1 | Killed Asterion
 56249 | Depths:1 | Found Keoshre's Jewellery Shop.
 56250 | Depths:1 | Found Igipeyx's Book Emporium.
 56252 | Depths:1 | Found Ebbit's Jewellery Shop.
 56314 | Depths:1 | Noticed Mara
 56326 | Depths:1 | Killed Mara
 57339 | Depths:2 | Found an opulent altar of Gozag.
 57659 | Depths:2 | Identified the +3 quarterstaff of the Vulture {vorpal, rF+
                  | Will+ Str-5 Int+7}
 58276 | Depths:2 | Found a runed translucent gate.
 58277 | Depths:2 | Found a runed translucent gate.
 58278 | Depths:2 | Found a runed translucent gate.
 58278 | Depths:2 | Noticed Mafuddif's ghost (adept HOFi)
 58621 | Depths:2 | Killed Mafuddif's ghost
 58630 | Depths:2 | Identified the +1 helmet of Gozag's Outrage {Str+10 Int-5
                  | Dex+3}
 59467 | Depths:3 | Found Kusanies's Armour Boutique.
 59527 | Depths:3 | Reached skill level 23 in Fighting
 59549 | Depths:3 | Found a one-way gate to the infinite horrors of the Abyss.
 59585 | Depths:3 | Noticed Frederick
 59597 | Depths:3 | Gained mutation: You are powered by pain. [demonic
                  | ancestry]
 59597 | Depths:3 | Reached XP level 23. HP: 169/206 MP: 35/37
 59602 | Depths:3 | Killed Frederick
 59881 | Depths:3 | Found a one-way gateway to a ziggurat.
 59949 | Depths:3 | HP: 10/204 [constriction (6)]
 59950 | Depths:3 | HP: 4/204 [daeva/divine providence (8)]
 59951 | Depths:3 | Killed from afar by a daeva

Illustrated notes

Levels and vault maps discovered:
D:1:      minmay_arrival_floating_metal, layout_basic,
          shapermc_ecumenical_altar_mp_vishouse
D:2:      layout_loops_ring
D:3:      layout_basic, uniq_natasha
D:4:      layout_layer_cave, nicolae_uskayaw_murder_on_the_dancefloor,
          gammafunk_ghost_cemetery, uniq_blork_the_orc
D:5:      layout_rooms, uniq_crazy_yiuf_cottage
D:6:      layout_basic, minmay_temple_entry_wispy, serial_shops,
          nicolae_shop_hallway_stairs, minmay_misc_feat_x, patterned_corridor
D:7:      layout_basic, serial_rivers, chequers_serial_rivers_marsh,
          chequers_serial_rivers_micro_b, chequers_serial_rivers_marsh,
          chequers_serial_rivers_large_a
D:8:      layout_loops_ring, nicolae_hepliaklqana_hippocampus,
          mainiacjoe_overflow_catwalk_spiral, kennysheep_small_square
D:9:      layout_cross, nicolae_overflow_hidden_temple, lair_entry_dummy
D:10:     minmay_distorted_concentric_squares, layout_rooms,
          nicolae_overflow_hallway_of_the_gods,
          mainiacjoe_overflow_surrounded_room
D:11:     layout_basic, serial_shops, nicolae_shop_overgrown_old_shop
D:12:     layout_gridville, uniq_josephine
D:13:     layout_loops_ring, serial_undead, serial_undead_b, serial_undead_f,
          serial_undead_a, serial_undead_f, serial_shops, shop,
          minmay_guarded_unrand_skullcrusher
D:14:     layout_small_grid, erik_vaults_1, due_unseen_surprise, uniq_azrael
D:15:     grunt_enter_depths_magical_seal, layout_loops_ring, special_room
          [special_room_bee], nicolae_ru_awakened_eye, serial_bayou,
          serial_bayou_pond_a, serial_bayou_lagoon_a, serial_bayou_crossing,
          serial_bayou_pond_d, nemelex_diamond_rough_becter
Temple:   nicolae_temple_bog_church
Lair:1:   layout_gridlike, gammafunk_ghost_necromancy,
          nicolae_lair_run_with_the_wolves, grunt_megastairs_3
Lair:2:   layout_concentric_octagons, guppyfry_snake_entry_garden,
          gauntlet_entry_generic, dreamdust_wasp_nest, grunt_megastairs_5,
          infiniplex_staircase_pool_2
Lair:3:   layout_cellular_growth, swamp_mist_pool, gammafunk_ghost_arena,
          lemuel_fruit_fields, grunt_megastairs_2, serial_bayou_shore_a,
          uniq_fannar
Lair:4:   layout_roguey, minmay_slime_entry_eyes, grunt_megastairs_4
Lair:5:   evil_forest, layout_gridlike, chequers_serial_rivers_micro_b,
          serial_bayou_lagoon_b, serial_bayou_shore_b
Swamp:1:  layout_basic_swamp, evilmike_swamp_ruin_rubble_2
Swamp:2:  layout_basic_swamp, hangedman_swamp_diagram, uniq_roxanne
Swamp:3:  layout_falls_marsh, hangedman_swamp_cone, swamp_pool3
Swamp:4:  swamp_fiery, layout_basic_swamp, nicolae_swamp_oxbows
Snake:1:  layout_layer_cave, serial_shops, bzr_entry_lakeside,
          nicolae_snake_gridmaze_waves
Snake:2:  layout_grid_shapes, nicolae_snake_serpentine_bazaar, uniq_vashnia,
          uniq_frances, uniq_aizul, uniq_saint_roka
Snake:3:  layout_onion_interference, nicolae_snake_salamander_zone
Snake:4:  hellmonk_snake_rune_quicksilver_temple, layout_onion, basic_altar,
          nicolae_snake_herptile_family_reunion
Orc:1:    layout_caves, serial_shops, shop
Orc:2:    st_orc_open, layout_caves
Elf:1:    eino_elf_arrival_the_gate, layout_geoelf_octagon, minmay_elf_sorcery,
          grunt_megastairs_1
Elf:2:    nicolae_elf_blades_splatter_lattice [nicolae_blade_little_rooms],
          layout_geoelf_grid, infiniplex_enter_wizlab_glasses, minmay_shop_star
Elf:3:    elf_hall, layout_geoelf_octagon, dreamdust_mushroom_princess
Vaults:1: gammafunk_ghost_cemetery, serial_ice_m, v_rooms_6,
          vaults_room_grunt_arrival_ludios, vaults_room_glass_cross,
          v_alt_pattern_3, v_misc_26, ontoclasm_vaults_ring_square,
          vaults_room_grunt_arrival_checkpoint, v_misc_2,
          hangedman_vaults_cutoff, layout_vaults_omnibox
Vaults:2: portal_desolation_entry_salt, minmay_crypt_entry_simple_statues,
          vaults_standard_mumra_enter_the_diamond,
          nicolae_vaults_little_squares_5, hangedman_vaults_hat, v_misc_30,
          nicolae_vaults_network_periphery, v_misc_2, v_misc_15,
          nicolae_vaults_diagonal_hallway_7, grunt_vaults_diagonal,
          vaults_mumra_bighexcomb, hangedman_vaults_nails,
          layout_vaults_maze_bifur
Vaults:3: v_misc_24, hangedman_vaults_corner, v_pattern_5, grunt_vaults_twisty,
          nicolae_vaults_quartermaster, vaults_dpeg_emergency_exit,
          vaults_mumra_hex, vaults_room_door_ring, ontoclasm_vaults_eye,
          layout_vaults_omnicross, serial_shops, shop, uniq_boris
Vaults:4: nicolae_vaults_triangles, hangedman_vaults_corner_blocks,
          hangedman_vaults_river_flow, v_rooms_1, grunt_vaults_hallway_short,
          hangedman_vaults_corner_blocks, layout_vaults_chaotic_city,
          serial_shops, nicolae_shop_bloodbath_and_beyond, uniq_donald
Depths:1: layout_basic, pan_entry, hell_entry, serial_curves, eino_curves_03,
          eino_curves_02, eino_curves_02, lightli_fourway_metalbox,
          minmay_shop_grove, serial_bayou_shore_b, uniq_asterion, uniq_mara
Depths:2: minmay_chopped_fan, layout_gridlike, grunt_gozag_breadcrumbs,
          gammafunk_ghost_tricky_traps, hangedman_coc_ice_floe, pan_entry,
          hangedman_abyss_or_decor_clamps, serial_sigils_hangedman_confine,
          kennysheep_generic_room_3, minmay_staircase_windowed_large
Depths:3: minmay_spriggan_fort, layout_cave_pools, enter_ziggurat_c,
          kennysheep_pointless_box, grunt_mini_vestibule, abyss_entry,
          serial_shops, shop, grunt_decor_arrowhead, elyvilon_altar_4,
          uniq_frederick
Hell

Skill      XL: |  1  2  3  4  5  6  7  8  9 10 11 12 13 14 15 16 17 18 19 20 21 22 |
---------------+-------------------------------------------------------------------+-----
Axes           | 2 3 4 5 7 8 10 11 12 13 14 15 16 17 18 | 18.0
Armour         | 3 4 5 6 7 8 9 10 11 12 13 | 13.1
Shields        | 3 4 5 6 8 9 10 11 12 13 14 15 16 17 18 | 18.6
Fighting       | 5 6 8 10 12 13 14 15 16 17 18 19 20 21 23 | 23.1
Throwing       | 1 2 |  2.0
Dodging        | 1 2 3 4 |  4.8
Invocations    | 3 7 8 10 12 13 14 16 17 18 19 20 | 20.9
Evocations     | 2 4 6 7 8 9 10 11 12 13 | 13.3
Stealth        | 2 |  2.3
Long Blades    | |  0.2
Polearms       | |  0.5
Ranged Weapons | |  0.4

Action                   |  1- 3 |  4- 6 |  7- 9 | 10-12 | 13-15 | 16-18 | 19-21 | 22-24 || total
-------------------------+-------+-------+-------+-------+-------+-------+-------+-------++-------
Melee: War axe           |    97 |   132 |   294 |   390 |       |       |       |       ||   913
       Tailslap          |     2 |    13 |    50 |    91 |   204 |   220 |   282 |   122 ||   984
       Broad axe         |       |       |       |   195 |   995 |  1074 |  1270 |   517 ||  4051
       Trident           |       |       |       |       |    22 |       |       |       ||    22
       Scimitar          |       |       |       |       |     7 |       |       |       ||     7
 Fire: Sling             |       |       |       |       |       |     4 |       |       ||     4
Throw: Dart              |       |    18 |    17 |     6 |       |       |       |       ||    41
       Boomerang         |       |       |       |     9 |     2 |    62 |    19 |     4 ||    96
Invok: Elemental Force   |       |       |       |       |     9 |    14 |    16 |     5 ||    44
       Upheaval          |       |       |       |       |     2 |     4 |     2 |       ||     8
       Disaster Area     |       |       |       |       |       |       |     1 |       ||     1
Evoke: Wand              |       |       |       |     6 |     3 |     2 |     4 |       ||    15
       Tin of tremorston |       |       |       |     1 |     1 |     4 |     4 |     2 ||    12
       Phantom mirror    |       |       |       |       |       |       |       |     2 ||     2
       Phial of floods   |       |       |       |       |       |       |       |     1 ||     1
  Use: Scroll            |       |     9 |     6 |    12 |    12 |    15 |    17 |     4 ||    75
       Potion            |       |     1 |     5 |     2 |       |       |     7 |     1 ||    16
 Stab: Petrified         |       |       |       |       |     8 |       |       |       ||     8
       Distracted        |       |       |       |       |     2 |     1 |     2 |     1 ||     6
       Paralysed         |       |       |       |       |     2 |     2 |     8 |       ||    12
Armor: Scale mail        |    50 |    47 |       |       |       |       |       |       ||    97
       Chain mail        |       |    19 |   132 |   325 |     4 |       |   120 |       ||   600
       Plate armour      |       |       |       |       |   558 |   442 |   278 |   139 ||  1417
Dodge: Dodged            |    47 |    62 |    93 |   299 |   236 |   198 |   188 |    76 ||  1199
       Repelled          |       |       |       |       |     6 |    27 |    13 |     1 ||    47
Block: Buckler           |    21 |    65 |    71 |       |       |       |       |       ||   157
       Kite shield       |       |       |    82 |   596 |  1358 |  1709 |  1615 |   575 ||  5935
       Reflection        |       |       |       |       |       |    71 |    70 |    32 ||   173

Table legend: (Time is in decaauts)
 A = Elapsed time spent in this place.
 B = Non-inter-level travel time spent in this place.
 C = Inter-level travel time spent in this place.
 D = Time resting spent in this place.
 E = Time spent auto-exploring this place.
 F = Levels seen in this place.
 G = Mean time per level.
                   A        B        C        D        E       F      G
               +--------+--------+--------+--------+--------+-----+--------+
         Total |  60531 |  56205 |   4326 |  10602 |  23391 |  46 | 1315.9 |
       Dungeon |  20357 |  18565 |   1792 |   2689 |   8999 |  15 | 1357.1 |
        Temple |    350 |    350 |      0 |      0 |    119 |   1 |  350.0 |
          Lair |   6359 |   5544 |    815 |    417 |   3130 |   5 | 1271.8 |
         Swamp |   4103 |   3750 |    353 |    514 |   1763 |   4 | 1025.8 |
     Snake Pit |   9183 |   8734 |    449 |   3008 |   2565 |   4 | 2295.8 |
  Orcish Mines |   3066 |   2970 |     96 |   1130 |    441 |   2 | 1533.0 |
   Elven Halls |   3720 |   3538 |    182 |    224 |   1385 |   3 | 1240.0 |
        Vaults |   7357 |   6956 |    401 |   1759 |   2807 |   4 | 1839.2 |
        Depths |   3889 |   3654 |    235 |    191 |   2091 |   3 | 1296.3 |
          Hell |      1 |      1 |      0 |      0 |      0 |   1 |    1.0 |
        Bazaar |    212 |    212 |      0 |    163 |      0 |   1 |  212.0 |
        Wizlab |    705 |    705 |      0 |     94 |     54 |   1 |  705.0 |
    Desolation |    476 |    476 |      0 |    133 |     36 |   1 |  476.0 |
      Gauntlet |    747 |    747 |      0 |    280 |      0 |   1 |  747.0 |
               +--------+--------+--------+--------+--------+-----+--------+

Top non-repeatable levels by time:
 Snake:1: 2772 daAuts
Vaults:2: 2470 daAuts
 Snake:2: 2331 daAuts
Vaults:1: 2152 daAuts
 Snake:3: 2127 daAuts
   Orc:1: 2034 daAuts
    D:13: 1956 daAuts
 Snake:4: 1951 daAuts
Depths:2: 1838 daAuts
    D:12: 1783 daAuts
     D:4: 1654 daAuts
     D:9: 1616 daAuts
Depths:1: 1607 daAuts
  Lair:1: 1520 daAuts
  Lair:3: 1502 daAuts
